AoeStats
← lightningstrikes

MegaRandom

504714259Analyzed
1v1 RM · 27d ago on Sep 6, 2026· 55m 9s· 2 players
Game mode
Random Map
Map size
Tiny (2 player)
Population
200
Speed
Normal
Resources
Standard
Victory
Conquest
Starting age
Dark Age
Ending age
Imperial Age
RankedLock teamsTeams togetherTeam positionsShared explorationLock speedFull tech treeHidden civsTurbo modeCheats
Victory
Defeat
🇫🇷 Khmer · France
590
+17
🇨🇳 Bengalis · China
603
-17
charcouille
0:29 Loom
11:26 Feudal Age
16:56 Castle Age
15:27 Horse Collar
20:15 Husbandry
22:33 Gold Mining
22:33 Stone Mining
22:40 Stone Mining
23:27 Heavy Plow
23:50 Double-Bit Axe
25:47 Wheelbarrow
28:25 Forging
28:16 Scale Mail Armor
28:21 Scale Barding Armor
32:00 Iron Casting
31:41 Chain Mail Armor
32:11 Hand Cart
31:42 Town Watch
31:56 Arson
39:06 Imperial Age
36:40 Town Patrol
36:48 Pikeman
37:52 Herbal Medicine
38:30 Bloodlines
39:34 Ballistics
39:26 Fortified Wall
39:12 Murder Holes
40:41 Bow Saw
41:17 Gold Shaft Mining
41:32 Stone Shaft Mining
41:27 Masonry
41:53 Tusk Swords
41:45 Demolition Ship
43:06 Crop Rotation
43:18 Chain Barding Armor
45:25 Architecture
45:57 Chemistry
46:41 Medium Warships
47:11 Elite Cannon Galleon
49:23 Plate Barding Armor
49:50 Blast Furnace
49:01 Heated Shot
53:52 Double Crossbow
53:13 Elite Ballista Elephant
53:17 Halberdier
53:22 Cavalier
lightningstrikes
4:46 Loom
12:13 Feudal Age
13:59 Wheelbarrow
14:59 Double-Bit Axe
15:55 Man-at-Arms
18:02 Town Watch
19:46 Horse Collar
25:29 Castle Age
25:04 Arson
25:33 Scale Mail Armor
25:46 Pikeman
26:57 Forging
28:28 Hand Cart
37:07 Bow Saw
37:03 Heavy Plow
37:15 Scale Barding Armor
37:46 Iron Casting
37:02 Fletching
37:12 Padded Archer Armor
38:30 Squires
42:35 Stone Mining
42:35 Gold Mining
43:35 Ballistics
43:12 Murder Holes
49:36 Imperial Age
48:50 Paiks
51:52 Chemistry
51:18 Onager
52:21 Elite Cannon Galleon
53:55 Siege Elephant
Connection lost

Rejoining the realm…

Still unreachable

The connection could not be restored.

Session expired

The server has moved on; the page needs a fresh start.